[Event "1000GM Spring GM-A 2024"]
[Site "New York"]
[Date "2024.03.30"]
[Round "6.1"]
[White "Shlyakhtenko, Robert"]
[Black "Sethuraman, Sandeep"]
[Result "1-0"]
[ECO "D45"]
[WhiteElo "2384"]
[BlackElo "2381"]
[Annotator "ChessBase"]
[PlyCount "161"]
[EventDate "2024.03.26"]
[EventType "tourn"]
[EventCountry "USA"]
[SourceTitle "playchess.com"]
[Source "ChessBase"]
[SourceQuality "1"]
[TimeControl "5400+30"]

1. d4 d5 2. c4 e6 3. Nc3 c6 4. e3 Nf6 5. Nf3 a6 6. h3 Nbd7 7. Qc2 Bd6 8. g4 h6 9. c5 Bc7 10. Bd2 e5 11. O-O-O e4 12. Nh4 Nf8 13. f3 g6 14. Be2 Be6 15. Rdf1 Qe7 16. f4 g5 17. Ng2 O-O-O 18. b4 Bd7 19. f5 h5 20. Kb2 Be8 21. a4 N8d7 22. Rb1 Nb8 23. Ka2 Bd7 24. Qb3 Rh7 25. b5 axb5 26. axb5 hxg4 27. hxg4 Rdh8 28. Rhg1 Rh2 29. bxc6 Bxc6 30. Nb5 R8h3 31. Na7+ Kd7 32. Be1 Qd8 33. Bb5 Ke8 34. Rb2 Nxg4 35. Bf1 Rh1 36. Rxh1 Rxh1 37. Bb5 Kf8 38. Bxc6 bxc6 39. Ba5 Bxa5 40. Qxb8 Qxb8 41. Rxb8+ Kg7 42. Nxc6 Bd2 43. Ne7 Nxe3 44. Nxe3 Bxe3 45. f6+ Kh7 46. c6 Rc1 47. Rf8 Bxd4 48. Rxf7+ Kh6 49. c7 e3 50. c8=Q Rxc8 51. Nxc8 Kg6 52. Rf8 Bxf6 53. Re8 d4 54. Nd6 g4 55. Rg8+ Kh5 56. Ne4 Be5 57. Rg5+ Kh4 58. Rxe5 d3 59. Kb2 e2 60. Nf2 g3 61. Nxd3 g2 62. Ne1 g1=N 63. Re3 Kg4 64. Kc3 Kf4 65. Kd3 Kg4 66. Ke4 Nh3 67. Rxe2 Ng5+ 68. Ke3 Kf5 69. Nf3 Nf7 70. Rd2 Ke6 71. Kf4 Nd6 72. Ng5+ Ke7 73. Ne4 Nf7 74. Ng3 Ke6 75. Nf5 Kf6 76. Nd6 Nd8 77. Ne4+ Ke7 78. Kf5 Nf7 79. Rh2 Nd8 80. Rh7+ Kf8 81. Kf6 1-0

[Event "1000GM Spring GM-A 2024"]
[Site "New York"]
[Date "2024.03.30"]
[Round "6.2"]
[White "Zilka, Stepan"]
[Black "Novik, Maxim"]
[Result "1-0"]
[ECO "B10"]
[WhiteElo "2589"]
[BlackElo "2415"]
[Annotator "TA"]
[PlyCount "85"]
[EventDate "2024.03.26"]
[EventType "tourn"]
[EventCountry "USA"]
[SourceTitle "playchess.com"]
[Source "ChessBase"]
[SourceQuality "1"]
[TimeControl "5400+30"]

1. e4 c6 2. Nf3 d5 3. d3 Nd7 4. e5 Nb6 5. d4 Bg4 6. h3 Bxf3 7. Qxf3 e6 8. Bd3 {[%emt 0:00:32] Weiß steht etwas besser.} c5 9. c3 Ne7 10. O-O Nc6 11. Be3 Be7 12. Nd2 (12. dxc5 Nd7 $11) 12... cxd4 13. cxd4 O-O 14. Rac1 Rc8 15. Qg4 g6 16. Bh6 Re8 17. Nf3 $36 {[%emt 0:02:58][%mdl 2048] Schwarz steht unter starkem Druck. Weiß steht deutlich aktiver.} Nd7 (17... Bf8 $142 18. Bg5 Be7) 18. h4 $16 Bf8 19. Bxf8 Nxf8 20. h5 Qb6 21. Qf4 Qd8 (21... Qc7 $16 22. a3 f5) 22. Rc3 $18 Qe7 (22... Qc7 $142 23. Bb5 f5 24. Bxc6 bxc6) 23. Rfc1 Rc7 {[%emt 0:00:00] [#]} 24. Nh2 $1 gxh5 25. Qh6 {[%emt 0:03:52][%cal Od3h7] Zielt auf Bxh7+! ab.} Ng6 26. Qxh5 f5 {[%emt 0:00:00] Pariert Ng4.} 27. exf6 Qxf6 28. Ng4 Qg7 29. Bxg6 ({Keinesfalls} 29. Ne5 Rf8 30. Bxg6 hxg6 31. Nxg6 Rf5 $18) 29... Qxg6 (29... hxg6 $142 30. Qg5 Kf8 31. Qf4+ Rf7 32. Qd6+ Ree7) 30. Qxg6+ (30. Nf6+ $142 Kf7 31. Qh4 (31. Qxh7+ $2 {verliert.} Qxh7 32. Nxh7 Kg6 $19) (31. Qxg6+ hxg6 32. Rf3 Ke7 $18) 31... Qxf6 32. Qxh7+ (32. Rf3 Qxf3 33. gxf3 Rg8+ 34. Kh1 Ke8 $18) 32... Kf8 33. Qxc7) 30... hxg6 31. Nf6+ Kf7 32. Rf3 Ke7 33. Nxe8 Kxe8 {[%emt 0:00:00][%mdl 4096] Endspiel. KRR-KRN} 34. Rf6 Re7 35. Rd1 g5 36. Rg6 e5 37. dxe5 {[%emt 0:00:07] Weiß steht klar auf Gewinn.} Rxe5 38. Rg7 Ne7 39. Kf1 Kf8 40. Rh7 Kg8 41. Rh3 Nc6 42. Rb3 b6 43. Rc3 {[%emt 0:00:28] Gewichteter Fehlerwert: Weiß=0.16 (sehr präzise) /Schwarz=0.30.  Fehler:       	Weiß=1     	Schwarz=4     Ungenau:       	Weiß=1     	Schwarz=2     OK:         	Weiß=23    	Schwarz=12    Bester:       	Weiß=2     	Schwarz=1     Stark:        	Weiß=1     	---} 1-0

[Event "1000GM Spring GM-A 2024"]
[Site "New York"]
[Date "2024.03.30"]
[Round "6.3"]
[White "Ostrovskiy, Aleksandr"]
[Black "Lu, Maximillian"]
[Result "1/2-1/2"]
[ECO "B90"]
[WhiteElo "2411"]
[BlackElo "2375"]
[Annotator "RC"]
[PlyCount "132"]
[EventDate "2024.03.26"]
[EventType "tourn"]
[EventCountry "USA"]
[SourceTitle "playchess.com"]
[Source "ChessBase"]
[SourceQuality "1"]
[TimeControl "5400+30"]

1. e4 c5 2. Nf3 d6 3. d4 cxd4 4. Nxd4 Nf6 5. Nc3 a6 6. Be3 e5 7. Nf3 Be7 8. Nd2 Qc7 9. Nc4 Nbd7 10. a4 b6 11. Be2 O-O 12. O-O Rb8 13. Bg5 h6 14. Bxf6 Nxf6 15. Ne3 Bb7 16. Qd3 Rfc8 17. Rfd1 Qc5 18. Nf5 Bf8 19. Nxd6 Bxd6 20. Qxd6 Nxe4 21. Nxe4 Bxe4 22. Qxc5 Rxc5 23. c3 a5 24. Bb5 Bf5 25. Rd6 Kf8 26. Rad1 Ke7 27. Kf1 Be6 28. Ke2 Rb7 29. Ke3 f5 30. Rd8 Rc8 31. Rxc8 Bxc8 32. Rd5 Ke6 33. Bc4 Rc7 34. Rc5+ Kd6 35. Rd5+ Ke7 36. Bb5 Rc5 37. Rd2 Be6 38. g3 g5 39. f4 exf4+ 40. gxf4 Rc8 41. Rd4 g4 42. Bd3 h5 43. Kf2 h4 44. Bc2 Rc6 45. Rd2 Rc4 46. Ke3 Rc8 47. Kf2 Rc5 48. Re2 Kf6 49. Rd2 Ke7 50. Re2 Kf6 51. Rd2 Bd5 52. Re2 Rc4 53. Ke3 g3 54. hxg3 hxg3 55. Rd2 g2 56. Rd1 Bb7 57. Rd6+ Kg7 58. Rd1 Kg6 59. Rg1 Kf6 60. Rd1 Kg6 61. Rg1 Bc6 62. Rd1 Ba8 63. Rg1 Bb7 64. Rd1 Kf6 65. Rd6+ Kf7 66. Rd1 Kg6 1/2-1/2

[Event "1000GM Spring GM-A 2024"]
[Site "New York"]
[Date "2024.03.30"]
[Round "6.4"]
[White "Lomasov, Semyon"]
[Black "Huston, Gus"]
[Result "1-0"]
[ECO "B62"]
[WhiteElo "2565"]
[BlackElo "2401"]
[Annotator "TA"]
[PlyCount "67"]
[EventDate "2024.03.26"]
[EventType "tourn"]
[EventCountry "USA"]
[SourceTitle "playchess.com"]
[Source "ChessBase"]
[SourceQuality "1"]
[TimeControl "5400+30"]

1. e4 c5 2. Nf3 d6 3. d4 cxd4 4. Nxd4 Nf6 5. Nc3 Nc6 6. Bg5 e6 7. Qd3 Bd7 8. O-O-O a6 {[%emt 0:00:14] Lässt Ndb5 nicht zu} 9. Nxc6 Bxc6 {[%emt 0:00:22] Weiß hat minimalen Vorteil.} 10. Qh3 h6 11. f3 Be7 12. Be3 Qc7 13. Qg3 g6 14. Kb1 b5 15. Bd3 b4 16. Ne2 e5 {[%emt 0:00:01] Verhindert Nd4} 17. c4 (17. h4 $11) 17... Rb8 18. h4 h5 19. Bg5 Qb6 ({Besser ist} 19... a5 $11) 20. Rhe1 (20. Bc2 $1 $14 Qc7 21. Rd3) 20... a5 21. Nd4 Ba4 (21... Qxd4 $2 {geht unter.} 22. Be3 $18) (21... exd4 $2 22. e5 Kd7 23. exf6 $18) (21... b3 $14 22. Nxb3 Nd7 23. Bxe7 Kxe7) 22. b3 $16 {[%emt 0:11:40] c5 wäre nun fies.} Nd7 (22... Qxd4 $11 {bleibt in der Remisbreite.} 23. Be3 Qc3) 23. Nb5 Bxb5 24. cxb5 Bxg5 25. Qxg5 Qd8 26. Qe3 {[%emt 0:01:18] Weiß steht aktiver.} Qxh4 {[%emt 0:02:26] [#]} 27. Bc4 $1 Rb6 {[%emt 0:09:07] [#]} 28. Bd5 $1 {[%emt 0:00:49] Und jetzt Bc6 wäre schön.} Ke7 {[%emt 0:03:52] Das Aus für Schwarz.} (28... Qf4 $16 {war angesagt.}) 29. Bc6 $18 {[%emt 0:03:48] Zielt auf Bxd7 ab.} Rbb8 $2 (29... Rhb8 30. g3 Qf6 (30... Qxg3 $2 {verliert.} 31. Qd3 $18)) 30. Bxd7 Kxd7 31. Qa7+ Ke6 {[%emt 0:00:09] [#]} 32. Rxd6+ $3 {[%emt 0:00:10][%mdl 512] Weiß setzt Matt.} Kxd6 33. Rd1+ Ke6 34. Qa6+ {[%emt 0:00:11] Gewichteter Fehlerwert: Weiß=0.08 (makellos) /Schwarz=0.71.  Fehler:       	Weiß=2     	Schwarz=5     Ungenau:       	---       	Schwarz=2     OK:         	Weiß=12    	Schwarz=10    Bester:       	Weiß=1     	---        Stark:        	Weiß=2     	---} (34. Qxa5 $2 {zu gefräßig.} Rhd8 35. Rc1 Kf6 36. Qxb4 Qf2 $19) 1-0

[Event "1000GM Spring GM-A 2024"]
[Site "New York"]
[Date "2024.03.30"]
[Round "6.5"]
[White "Mardov, Dimitar"]
[Black "Bortnyk, Mykola"]
[Result "1/2-1/2"]
[ECO "E11"]
[WhiteElo "2473"]
[BlackElo "2453"]
[Annotator "TA"]
[PlyCount "60"]
[EventDate "2024.03.26"]
[EventType "tourn"]
[EventCountry "USA"]
[SourceTitle "playchess.com"]
[Source "ChessBase"]
[SourceQuality "1"]
[TimeControl "5400+30"]

1. d4 Nf6 2. Nf3 e6 3. c4 Bb4+ 4. Nbd2 b6 5. a3 Bxd2+ 6. Bxd2 Bb7 7. e3 d6 8. Bd3 Nbd7 9. Bc3 {[%emt 0:10:39] The position is equal.} Qe7 10. O-O Ne4 11. Be1 O-O 12. Nd2 f5 13. f3 Nxd2 14. Bxd2 e5 15. d5 e4 16. fxe4 Nc5 17. Bc3 Nxd3 18. Qxd3 Qxe4 19. Qxe4 fxe4 {[%emt 0:00:05] Black is weak on the dark squares} 20. a4 a6 21. Rxf8+ Rxf8 $14 {[%emt 0:00:04][%mdl 4096] Endgame. KRB-KRB} 22. b4 Bc8 23. h3 Bd7 24. Bd4 g5 25. a5 b5 26. c5 dxc5 27. Bxc5 ({Much worse is} 27. bxc5 Rf5 $11) 27... Rf5 28. Rd1 Kf7 29. d6 ({White should play} 29. Ba7 $16) 29... c6 $11 30. Rf1 Rxf1+ {[%emt 0:00:20] Weighted Error Value: White=0.05 (flawless) /Black=0.07 (flawless) .  Mistake:       	White=1     	---        Inaccurate:     	White=1     	Black=3      OK:         	White=8     	Black=10     Best:        	White=1     	Black=2} 1/2-1/2

[Event "1000GM Spring GM-A 2024"]
[Site "New York"]
[Date "2024.03.31"]
[Round "7.1"]
[White "Bortnyk, Mykola"]
[Black "Shlyakhtenko, Robert"]
[Result "0-1"]
[ECO "B22"]
[WhiteElo "2453"]
[BlackElo "2384"]
[Annotator "TA"]
[PlyCount "120"]
[EventDate "2024.03.26"]
[EventType "tourn"]
[EventCountry "USA"]
[SourceTitle "playchess.com"]
[Source "ChessBase"]
[SourceQuality "1"]
[TimeControl "5400+30"]

1. e4 c5 2. Nf3 e6 3. c3 Nf6 4. e5 Nd5 5. d4 cxd4 6. cxd4 d6 7. Bc4 Nb6 8. Bb3 dxe5 9. Nxe5 Nc6 10. Nxc6 bxc6 11. O-O Ba6 12. Re1 Be7 13. Nc3 O-O 14. Ne4 Nd5 15. Qf3 Rc8 ({Black should play} 15... Qb6 $11) 16. Be3 (16. Bd2 $14) 16... Bd3 $11 17. Nc5 Bg6 18. Rac1 Bf6 19. Ne4 Be7 20. Nc5 Bf6 21. Red1 Qe7 22. Ne4 Bxe4 23. Qxe4 Rfd8 24. Rc4 Qb7 25. Rdc1 Rd6 26. h4 Rcd8 27. h5 h6 28. Bc2 Kf8 {[%emt 0:05:06] Active counter play!} (28... Qxb2 29. Rb1 (29. Qh7+ Kf8 $11) 29... Nxe3 30. Qh7+ (30. Rxb2 Nxc4 31. Rb7 Kf8 $16) 30... Kf8 31. Rxb2 $16) 29. Bb3 Nb6 30. Rxc6 Rxc6 31. Qxc6 (31. Rxc6 $2 Rd6 32. d5 exd5 33. Rxb6 axb6 $19) 31... Qxc6 32. Rxc6 Bxd4 33. Bc1 Nd5 34. Bxd5 Rxd5 {[%emt 0:00:50][%mdl 4096] Endgame. KRB-KRB} 35. g4 f5 36. gxf5 Rxf5 37. Be3 Bxe3 38. fxe3 $15 {[%emt 0:00:03] KR-KR} Ra5 {[%emt 0:00:30] Dodges Ra6} 39. a3 Kf7 40. Rc7+ {[%emt 0:00:20] White is on the road to losing.} (40. Rc4 $1 $15) 40... Kf6 $19 41. Kg2 {[%emt 0:00:04] [#]} (41. Kf1 $17) 41... Rg5+ $1 (41... Rxh5 42. Rxa7 Re5 43. Kf3 $15) 42. Kf3 a5 ({Less strong is} 42... Rxh5 43. Rxa7 Rh3+ 44. Ke4 $15) 43. b4 $2 (43. Rc8 {might work better.}) 43... axb4 (43... Rxh5 $2 44. Rb7 $17) 44. axb4 Rxh5 45. Rb7 Rh4 46. b5 Rb4 47. b6 h5 48. Rb8 Kg5 49. Kg3 Rb3 50. Rb7 g6 ({Worse is} 50... Rxe3+ 51. Kf2 Rb3 52. Rxg7+ Kh6 53. Rb7 $11) 51. Kf3 (51. Rb8 $142) 51... Kh4 {[%emt 0:01:31] [#] Hoping for ...g5.} 52. Rg7 g5 ({Inferior is} 52... Rxb6 53. Rxg6 Ra6 54. Kg2 $11) 53. b7 Rb4 {[%emt 0:00:10] ( -> ...g4+)} 54. Rh7 g4+ {[%emt 0:00:42] Black mates.} 55. Ke2 Rb2+ 56. Kd3 g3 57. Ke4 Kg4 58. Rg7+ Kh3 59. Kf3 h4 60. Kf4 g2 {[%emt 0:00:50] Weighted Error Value: White=0.59/Black=0.06 (flawless) .  Mistake:       	White=5     	Black=1      Inaccurate:     	White=6     	Black=1      OK:         	White=11    	Black=15     Best:        	---       	Black=5      Strong:       	---       	Black=1} 0-1

[Event "1000GM Spring GM-A 2024"]
[Site "New York"]
[Date "2024.03.31"]
[Round "7.2"]
[White "Huston, Gus"]
[Black "Mardov, Dimitar"]
[Result "1/2-1/2"]
[ECO "D36"]
[WhiteElo "2401"]
[BlackElo "2473"]
[Annotator "RC"]
[PlyCount "90"]
[EventDate "2024.03.26"]
[EventType "tourn"]
[EventCountry "USA"]
[SourceTitle "playchess.com"]
[Source "ChessBase"]
[SourceQuality "1"]
[TimeControl "5400+30"]

1. c4 e6 2. Nc3 d5 3. d4 Nf6 4. cxd5 exd5 5. Bg5 Be7 6. e3 c6 7. Bd3 Nbd7 8. h3 O-O 9. Qc2 Re8 10. Nf3 Ne4 11. Bf4 Ndf6 12. Ne5 Bd6 13. O-O Nxc3 14. bxc3 c5 15. Rae1 Qc7 16. f3 c4 17. Bf5 Be6 18. g4 g6 19. Bxe6 Rxe6 20. e4 Rae8 21. Bh2 R6e7 22. Kh1 b5 23. Qf2 Nd7 24. Nxd7 Qxd7 25. e5 Bc7 26. f4 f5 27. exf6 Rxe1 28. Rxe1 Rxe1+ 29. Qxe1 Bd8 30. g5 Kf7 31. Kg2 a5 32. Bg3 Qf5 33. h4 Qc2+ 34. Bf2 Qf5 35. Kf3 h5 36. Qe5 Qd7 37. Qb8 Bc7 38. Qb7 b4 39. cxb4 axb4 40. Be3 Qh3+ 41. Ke2 Qg2+ 42. Ke1 Qh1+ 43. Ke2 Qg2+ 44. Ke1 Qh1+ 45. Ke2 Qg2+ 1/2-1/2

[Event "1000GM Spring GM-A 2024"]
[Site "New York"]
[Date "2024.03.31"]
[Round "7.3"]
[White "Lu, Maximillian"]
[Black "Lomasov, Semyon"]
[Result "1/2-1/2"]
[ECO "A28"]
[WhiteElo "2375"]
[BlackElo "2565"]
[Annotator "TA"]
[PlyCount "30"]
[EventDate "2024.03.26"]
[EventType "tourn"]
[EventCountry "USA"]
[SourceTitle "playchess.com"]
[Source "ChessBase"]
[SourceQuality "1"]
[TimeControl "5400+30"]

1. c4 e5 2. Nc3 Nf6 3. Nf3 Nc6 4. d3 Bb4 5. Bd2 a5 6. g3 O-O 7. Bg2 Re8 8. O-O h6 {[%emt 0:02:49] The position is equal.} 9. Rc1 d6 10. h3 Bf5 11. g4 Bh7 12. g5 hxg5 13. Bxg5 Bxc3 14. Rxc3 Kh8 15. Nh2 Qd7 {[%emt 0:37:34] An uneventful encounter.   Weighted Error Value: White=0.06 (flawless) /Black=0.03 (flawless) .  OK:         	White=1     	Black=2} 1/2-1/2

[Event "1000GM Spring GM-A 2024"]
[Site "New York"]
[Date "2024.03.31"]
[Round "7.4"]
[White "Novik, Maxim"]
[Black "Ostrovskiy, Aleksandr"]
[Result "1/2-1/2"]
[ECO "B13"]
[WhiteElo "2415"]
[BlackElo "2411"]
[Annotator "TA"]
[PlyCount "35"]
[EventDate "2024.03.26"]
[EventType "tourn"]
[EventCountry "USA"]
[SourceTitle "playchess.com"]
[Source "ChessBase"]
[SourceQuality "1"]
[TimeControl "5400+30"]

1. e4 c6 2. d4 d5 3. exd5 cxd5 4. c4 Nf6 5. Nc3 Nc6 6. Bg5 dxc4 7. Bxc4 h6 ({But not} 7... Qxd4 8. Qxd4 Nxd4 9. O-O-O) ({Much weaker is} 7... Nxd4 $6 8. Nf3 Nxf3+ 9. Qxf3 $16) 8. Be3 e6 9. Nf3 Bd6 {[%emt 0:06:19] The position is equal.} 10. O-O O-O 11. Qd2 Ne7 12. Rad1 Nf5 13. Rfe1 a6 14. Bf4 b5 15. Bb3 b4 16. Na4 Bb7 17. Ne5 Bc8 (17... Bd5 $15) 18. Nf3 {[%emt 0:00:30] Weighted Error Value: White=0.08 (flawless) /Black=0.19 (very precise) .  Mistake:       	White=1     	Black=1      Inaccurate:     	White=1     	---        OK:         	White=7     	Black=6} ({White should try} 18. g4 $14 Nh4 19. Qe2) 1/2-1/2

[Event "1000GM Spring GM-A 2024"]
[Site "New York"]
[Date "2024.03.31"]
[Round "7.5"]
[White "Sethuraman, Sandeep"]
[Black "Zilka, Stepan"]
[Result "1/2-1/2"]
[ECO "E34"]
[WhiteElo "2381"]
[BlackElo "2589"]
[Annotator "TA"]
[PlyCount "40"]
[EventDate "2024.03.26"]
[EventType "tourn"]
[EventCountry "USA"]
[SourceTitle "playchess.com"]
[Source "ChessBase"]
[SourceQuality "1"]
[TimeControl "5400+30"]

1. d4 Nf6 2. c4 e6 3. Nc3 Bb4 4. Qc2 d5 5. cxd5 Qxd5 6. e3 O-O 7. Nf3 c5 8. Bd2 Bxc3 9. bxc3 Nc6 10. Be2 b6 11. O-O Bb7 12. c4 Qe4 13. Bd3 Qg4 14. h3 {[%emt 0:00:07] The position is equal.} Qh5 15. Be2 Rfd8 16. Rfd1 Rac8 17. Bc3 Qg6 18. Bd3 Qh5 19. Be2 Qg6 20. Bd3 Qh5 $1 {[%emt 0:00:00] An uneventful encounter.   Weighted Error Value: White=0.02 (flawless) /Black=0.03 (flawless) .  OK:         	White=8     	Black=8      Strong:       	---       	Black=1} 1/2-1/2

[Event "1000GM Spring GM-A 2024"]
[Site "New York"]
[Date "2024.03.31"]
[Round "8.1"]
[White "Shlyakhtenko, Robert"]
[Black "Zilka, Stepan"]
[Result "0-1"]
[ECO "D35"]
[WhiteElo "2384"]
[BlackElo "2589"]
[Annotator "TA"]
[PlyCount "98"]
[EventDate "2024.03.26"]
[EventType "tourn"]
[EventCountry "USA"]
[SourceTitle "playchess.com"]
[Source "ChessBase"]
[SourceQuality "1"]
[TimeControl "5400+30"]

1. d4 Nf6 2. c4 e6 3. Nc3 d5 4. cxd5 exd5 5. Bg5 c6 6. e3 Bf5 7. Bd3 Bxd3 8. Qxd3 Be7 9. Nge2 Nbd7 {[%emt 0:00:50] The position is equal.} 10. f3 O-O 11. O-O Re8 12. Rad1 Nb6 13. b3 Rc8 14. Kh1 Rc7 15. Bxf6 Bxf6 16. e4 dxe4 17. fxe4 g6 18. e5 Bg7 19. Ne4 Nd5 20. Nd6 {[%emt 0:05:41] Excellent horsemanship.} Re6 21. Nf4 Nxf4 $1 22. Rxf4 c5 23. Rdf1 Ree7 24. Qf3 Qd7 $1 25. dxc5 (25. Qd1 $11 {remains equal.}) 25... Bxe5 $17 (25... Rxe5 $2 26. Rxf7 $18 (26. Nxf7 Rf5 $16) (26. Nxf7 Rf5 $16)) 26. Ne4 Qc6 $2 (26... f5 $1 $19 {[%cal Od7d8] Strongly threatening ...Qd8!} 27. Rh4 Bg7 (27... fxe4 28. Qf8#)) 27. Rh4 (27. Rf6 $1 $11 Bxf6 28. Nxf6+ Kg7 29. Qc3) 27... Rcd7 28. Ng5 {[%emt 0:04:33] [#]} Bf6 $1 29. Rg4 {[%emt 0:04:50] [#]} h5 $1 30. Ne4 (30. Qxc6 $17 bxc6 31. Rg3) 30... Be5 (30... hxg4 31. Nxf6+ Kf8 32. Qc3 $11) 31. Rg5 Bd4 $40 {[%emt 0:19:12][%mdl 128] Black goes for the king.} 32. Nd6 Qxf3 (32... Bxc5 33. Qxc6 bxc6 34. Nc8 $15) 33. gxf3 Re2 34. Rd1 {[%emt 0:00:57] [#]} (34. b4 $142) 34... Be3 $1 $19 35. Rgd5 Rxa2 36. b4 Bf4 37. R5d4 Bxh2 38. f4 Re7 39. Ne4 Kg7 ({And not} 39... Bxf4 40. Nf6+ Kg7 41. Nd5 $11 (41. Rxf4 Ree2 $11)) 40. b5 $2 (40. Rf1) 40... Bxf4 {[%emt 0:01:02] Black is clearly winning.} 41. Nc3 Rh2+ 42. Kg1 Rc2 {[%emt 0:00:58] And now ...Be3+ would win.} 43. Nd5 Be3+ 44. Nxe3 Rxe3 {[%emt 0:00:04] KRR-KRR} 45. Rd7 Rxc5 46. Rf1 Rxb5 47. Rfxf7+ Kh6 48. Kf2 Ree5 49. Kg3 Kg5 {[%emt 0:00:29] Weighted Error Value: White=0.37/Black=0.11 (very precise) .  Missed win:     	---       	Black=1      Mistake:       	White=6     	---        Inaccurate:     	White=2     	---        OK:         	White=12    	Black=16     Best:        	White=2     	Black=2      Strong:       	---       	Black=3} 0-1

[Event "1000GM Spring GM-A 2024"]
[Site "New York"]
[Date "2024.03.31"]
[Round "8.2"]
[White "Ostrovskiy, Aleksandr"]
[Black "Sethuraman, Sandeep"]
[Result "1-0"]
[ECO "D12"]
[WhiteElo "2411"]
[BlackElo "2381"]
[Annotator "TA"]
[PlyCount "104"]
[EventDate "2024.03.26"]
[EventType "tourn"]
[EventCountry "USA"]
[SourceTitle "playchess.com"]
[Source "ChessBase"]
[SourceQuality "1"]
[TimeControl "5400+30"]

1. Nf3 d5 2. e3 Nf6 3. c4 c6 4. d4 Bf5 5. Nc3 e6 6. Nh4 Be4 7. f3 Bg6 8. Bd2 Be7 9. Nxg6 hxg6 {[%emt 0:00:06] White has an edge.} 10. Qc2 a6 11. O-O-O Nbd7 12. Kb1 dxc4 $1 13. Bxc4 c5 14. g4 b5 {[%emt 0:06:00] [#]} (14... Nb6 $11 {remains equal.} 15. dxc5 Nxc4 16. Qa4+ Nd7 17. Qxc4 Nxc5) 15. Bxe6 $1 $16 fxe6 (15... cxd4 16. exd4) 16. g5 $1 Nd5 (16... Kf7 $16) 17. Qxg6+ $18 Kf8 18. Qxe6 (18. Nxd5 $1 $18 {is the precise move to win. Threatens to win with Nf4.} exd5 19. e4) 18... Nc7 $2 (18... Nxc3+ $16 {was worth a try.} 19. Bxc3 b4) 19. Qf5+ Kg8 20. Ne4 Nf8 {[%emt 0:03:34] [#] Repels d5} 21. Ba5 $1 (21. Nxc5 Qc8 22. Qxc8 Rxc8 $16) (21. dxc5 $6 Qd5 (21... Qd3+ 22. Ka1 $15) 22. Qxd5+ Nxd5 $11) 21... Qd5 22. Qg4 Nce6 (22... Ne8 $142) 23. dxc5 Qc6 24. h4 {[%emt 0:01:24][%cal Oe4f6] Black is weak on the dark squares} Nxc5 25. Rc1 Qd5 {[%emt 0:02:14] [#]} 26. Nf6+ Bxf6 (26... gxf6 27. gxf6+ Kf7 28. Qg7+ (28. fxe7 Nfe6 $18) 28... Ke6 29. Qxe7+ (29. Qxh8 Nfd7 $18) 29... Kf5 30. Rxc5) 27. gxf6 g6 {[%emt 0:01:26] [#]} 28. h5 Ncd7 $2 (28... Nce6 $1 $14) 29. hxg6 $2 ({Better is} 29. f7+ $18 Qxf7 (29... Kxf7 $2 30. hxg6+ Nxg6 31. Rhd1 $18) 30. Bc3 (30. Qe4 Re8 $11)) 29... Qd3+ 30. Ka1 {[%emt 0:00:02] Really sharp!} Rxh1 31. Rxh1 {[%emt 0:00:57][%cal Oh1h8] White threatens Rh8+! and mate.} Qxg6 32. Qd4 Nxf6 33. e4 {[%emt 0:00:11] Strongly threatening Rg1. White is more active.} (33. Bd8 $5 Qg2 34. Rd1 (34. Rc1 Ne6 $11) 34... Rxd8 35. Qxd8 Qxf3 36. e4 $16) 33... Rc8 $1 34. Rg1 {[%emt 0:00:35][%mdl 1024] White has compensation.} Kf7 35. Bc3 (35. Qa7+ N6d7 36. a3 Qe6 $15) (35. e5 $5 Nh5 (35... Qh6 $2 36. Bd2 $18) 36. f4 $14 (36. Qa7+ $2 Ke8 $17)) 35... Qh6 36. a3 N6d7 37. Qd5+ Ke8 $1 ({Don't blunder} 37... Qe6 $2 38. Rg7+ Ke8 39. Qh5+ Kd8 40. Ba5+ Rc7 (40... Nb6 41. Bxb6+) 41. Qg5+ (41. Bxc7+ Kxc7 42. Qc5+ Kb8 $16) 41... Kc8 42. Bxc7 Kxc7 43. Qc1+ Qc4 44. Qxc4+ bxc4 45. e5 $18) 38. Rd1 Qe6 39. Qh5+ Qf7 40. Qxf7+ (40. Qg4 $11 {was preferrable.}) 40... Kxf7 $15 41. Rd6 {[%emt 0:00:18] Against Rc6} Nc5 42. Ka2 Nfe6 43. Bb4 Rc7 44. e5 Rd7 $2 (44... Ke8 $15 {keeps the upper hand.}) 45. Bxc5 $18 Rxd6 (45... Nxc5 $2 {is the wrong capture.} 46. e6+ Nxe6 47. Rxd7+ $18) (45... Ke7) 46. Bxd6 {[%emt 0:00:03][%mdl 4096] Endgame. KB-KN} Nd4 47. f4 Ke6 $2 (47... Kg6 48. Bc5 Ne6) 48. Bc5 {[%emt 0:00:25] White is clearly winning.} Nf5 49. Kb3 Kd5 50. Kb4 Kc6 51. Bf8 {[%emt 0:00:49] And now e6 would win.} Ne3 52. e6 {[%emt 0:00:30] Black must now prevent Ka5.} Kd5 {[%emt 0:03:24] Weighted Error Value: White=0.25 (precise) /Black=0.42.  Loses game:     	---       	Black=3      Missed win:     	White=1     	---        Mistake:       	White=3     	Black=5      Inaccurate:     	White=3     	Black=3      OK:         	White=10    	Black=11     Best:        	White=5     	Black=4      Strong:       	White=2     	Black=3      Brilliant:      	White=1     	---} 1-0

[Event "1000GM Spring GM-A 2024"]
[Site "New York"]
[Date "2024.03.31"]
[Round "8.3"]
[White "Lomasov, Semyon"]
[Black "Novik, Maxim"]
[Result "1/2-1/2"]
[ECO "C54"]
[WhiteElo "2565"]
[BlackElo "2415"]
[Annotator "RC"]
[PlyCount "74"]
[EventDate "2024.03.26"]
[EventType "tourn"]
[EventCountry "USA"]
[SourceTitle "playchess.com"]
[Source "ChessBase"]
[SourceQuality "1"]
[TimeControl "5400+30"]

1. e4 e5 2. Nf3 Nc6 3. Bc4 Nf6 4. d3 Bc5 5. Bg5 h6 6. Bh4 d6 7. c3 a6 8. Nbd2 Ba7 9. O-O g5 10. Bg3 Bg4 11. a4 Nh5 12. Kh1 Qd7 13. b4 Ne7 14. d4 Ng6 15. h3 Be6 16. d5 Bxh3 17. Nh2 Bxg2+ 18. Kxg2 Nhf4+ 19. Kh1 h5 20. Bxf4 Nxf4 21. Ndf3 O-O-O 22. Ra2 Rdg8 23. Rg1 Nh3 24. Rg2 g4 25. Nh4 Nxf2+ 26. Raxf2 Bxf2 27. Rxf2 g3 28. Rg2 gxh2 29. Nf5 Rxg2 30. Kxg2 Qd8 31. Kxh2 Kb8 32. Qd2 Rg8 33. Be2 Rg5 34. Qe3 f6 35. c4 Qd7 36. Bd1 c6 37. Qb6 Rg4 1/2-1/2